 Dungeon Crawl Stone Soup version 0.31-a0-986-g5e6e4ef867 (webtiles) character file.

Game seed: 1298149440494981575

824 avis the Nimble (level 7, 32/32 HPs)
             Began as a Felid Shapeshifter on Nov 10, 2023.
             Was an Initiate of Gozag.
             Got out of the dungeon alive.
             The game lasted 00:26:18 (4107 turns).

avis the Nimble (Felid Shapeshifter)                Turns: 4107, Time: 00:26:18

Health: 32/32      AC:  2    Str: 10    XL:     7   Next: 64%
Magic:  8/8        EV: 22    Int: 12    God:    Gozag
Gold:   262        SH:  0    Dex: 17    Spells: 6/6 levels left
                                        Lives:  0   Deaths: 3

rFire   . .          .
                       - Unarmed
rCold   . . .        (shield unavailable)
rNeg    . . .        (body armour unavailable)
rPois   .            (helmet unavailable)
rElec   .            (cloak unavailable)
rCorr   .            (gloves unavailable)
SInv    +            (boots unavailable)
Will    +....        (no amulet)
Stlth   ++           (no ring)
HPRegen 0.25/turn    (no ring)
MPRegen 0.11/turn

%: no passive effects
@: beast-form, quick
A: beast (slay +3), very small, claws 1, fangs 3, see invisible, speed 1, shaggy
fur 2, stealthy paws, no weapons or thrown items, no armour, multi-lived
a: Begin Untransformation, Renounce Religion, Potion Petition, Call Merchant,
Bribe Branch


You escaped.
You worshipped Gozag.
Gozag was aware of your devotion.
You were a hulking beast.
You visited 2 branches of the dungeon, and saw 5 of its levels.

You collected 331 gold pieces.
You paid 69 gold pieces to Gozag.

Inventory:

Jewellery
 h - a ring of resist corrosion
Talismans
 b - a beast talisman
 f - a flux talisman
 s - a serpent talisman
Wands
 r - a wand of light (14)
Scrolls
 c - a scroll of torment {unknown}
 e - a scroll of teleportation {unknown}
 j - a scroll of amnesia {unknown}
 l - a scroll of revelation {unknown}
 m - a scroll of poison {unknown}
Potions
 a - a potion of lignification
 d - a potion of mutation {unknown}
 g - a potion of berserk rage {unknown}
 i - a potion of resistance {unknown}
 k - 2 potions of attraction {unknown}
 n - a potion of magic {unknown}
 o - a potion of heal wounds {unknown}
 p - a potion of might {unknown}
 q - a potion of brilliance {unknown}


   Skills:
 - Level 4.0 Fighting
 * Level 8.1 Dodging
 - Level 4.0 Unarmed Combat
 - Level 5.3 Shapeshifting


You had 6 spell levels left.
You didn't know any spells.
Your spell library contained the following spells:

 Spells                   Type           Power      Damage    Failure   Level
 Ignite Poison            Fire/Tmut/Pois 0%         N/A       69%         3
 Sticky Flame             Conj/Fire      0%         2d3       97%         4
 Conjure Ball Lightning   Conj/Air       0%         3x3d6     100%        6
 Discord                  Hex            0%         N/A       100%        8
 Disjunction              Tloc           0%         N/A       100%        8
 Ignition                 Fire           0%         3d3       100%        8


Dungeon Overview and Level Annotations

Branches:
Dungeon (4/15)             Temple (1/1) D:4

Altars:
Ashenzari
Cheibriados
Dithmenos
Elyvilon
Fedhas
Gozag
Kikubaaqudgha
Makhleb
Okawaru
Ru
Sif Muna
Trog
Uskayaw
Vehumet
Wu Jian
Xom
Yredelemnul
Zin

Shops:
D:3 =


Innate Abilities, Weirdness & Mutations

You are a hulking beast.
Your limbs bulge with bestial killing power. (Slay +3)
You have sharp claws.
You have razor-sharp teeth.
You have supernaturally acute eyesight. (SInv)
You cover ground quickly. (Speed+)
You are covered in thick fur. (AC +2)
Your paws help you pounce on unaware monsters.
You are incapable of wielding weapons or throwing items.
You cannot wear armour.
You gain extra lives every three experience levels.


Message History

You claw the jackal!
You kill the jackal!
The ball python misses you. The ball python constricts you.
The ball python completely misses you. The ball python constricts you.
You closely miss the ball python. You bite the ball python.
You kill the ball python!
You see here 7 gold pieces.
You see here 4 gold pieces.
The kobold misses you.
You see here 21 gold pieces.
You scratch the kobold.
You kill the kobold!
You now have 220 gold pieces (gained 7).
Things that are here:
a +0 whip; 2 stones You now have 241 gold pieces (gained 21).
You now have 245 gold pieces (gained 4).
You now have 252 gold pieces (gained 7).
n - a white potion
Found a cyan potion.
o - a cyan potion
Found 10 gold pieces.
You now have 262 gold pieces (gained 10).
Found a forked silver wand.
r - a wand of light (14)
What level of the Dungeon? (default 1, ? - help)
There is a stone staircase leading up here.
You climb upwards.
There is a stone staircase leading down here.
There is a stone staircase leading up here.
You climb upwards.
There is a stone staircase leading down here.
There is a stone staircase leading up here.
You climb upwards.
There is a stone staircase leading down here.
You don't know any spells.
You can't go up here!
Unknown command.
There is a staircase leading out of the dungeon here.
You have escaped!

#...........###..#............
#.############...#..........#.
#.# ##....###.....####. #.#
##...#.........'.... #.#
##..8....##.....##### #.#
##.........#.....# #.#
##..........#.....# #.#
#.....8.....#.....# ## #.#
#.....h.....#.....# #. #.#
##..8.....8..####### #. #.#
#.....≈§≈§...##########. #.#
#.###≈≈§§≈##.##......... #.#
###.###§§≈§≈##.##........# #.#
#....##≈§§§≈##.##........# #.#
#....#########.##......... #.#
#....# ##.##......... #.#
#....# #..)..........


There were no monsters in sight!

Vanquished Creatures
  Grinder (D:3)
  Sigmund (D:3)
  Menkaure (D:4)
  A sky beast (D:4)
  2 orc priests
  A sleepcap (D:4)
  An orc wizard (D:3)
  6 adders
  A worm (D:2)
  5 dart slugs
  6 orcs
  6 bats
  6 endoplasms
  3 giant cockroaches
  5 hobgoblins
  3 jackals (D:4)
  7 quokkas
  7 ball pythons
  2 frilled lizards
  11 goblins
  7 kobolds
  3 rats
86 creatures vanquished.

Notes
Turn   | Place    | Note
-------+----------+-------------------------------------------
     0 | D:1      | avis the Felid Shapeshifter began the quest for the Orb.
     0 | D:1      | Reached XP level 1. HP: 9/9 MP: 2/2
    42 | D:1      | Reached skill level 3 in Dodging
   250 | D:1      | Reached XP level 2. HP: 13/13 MP: 3/3
   742 | D:1      | Reached skill level 4 in Dodging
   979 | D:2      | Reached XP level 3. HP: 16/16 MP: 4/4
  1496 | D:2      | Reached XP level 4. HP: 21/21 MP: 5/5
  2385 | D:3      | Found a faded altar of an unknown god.
  2415 | D:3      | Reached skill level 5 in Dodging
  2537 | D:3      | Found a bloodstained altar of Trog.
  2648 | D:3      | Noticed Grinder
  2662 | D:3      | Paralysed by Grinder for 5 turns
  2671 | D:3      | Paralysed by Grinder for 3 turns
  2677 | D:3      | Paralysed by Grinder for 4 turns
  2686 | D:3      | Killed Grinder
  2687 | D:3      | Reached skill level 6 in Dodging
  2687 | D:3      | Reached XP level 5. HP: 16/25 MP: 6/6
  2687 | D:3      | Gained mutation: You are covered in thick fur. (AC +2)
                  | [Felid growth]
  2687 | D:3      | Reached XP level 6. HP: 18/28 MP: 7/7
  2765 | D:3      | Found Qadioj's Jewellery Emporium.
  2811 | D:3      | Found a burning altar of Makhleb.
  2990 | D:3      | Found a snail-covered altar of Cheibriados.
  3230 | D:4      | Killed from afar by an orc priest
  3327 | D:4      | Found a staircase to the Ecumenical Temple.
  3331 | D:4      | Noticed Menkaure
  3357 | D:4      | Mangled by Menkaure
  3388 | D:4      | Killed Menkaure
  3389 | D:4      | Reached skill level 7 in Dodging
  3421 | Temple   | Entered the Ecumenical Temple
  3437 | Temple   | Became a worshipper of Gozag Ym Sagoz the Greedy
  3509 | D:4      | Noticed Sigmund
  3590 | D:3      | Killed Sigmund
  3591 | D:3      | Reached skill level 5 in Shapeshifting
  3591 | D:3      | Reached XP level 7. HP: 24/32 MP: 8/8
  3948 | D:4      | Reached skill level 8 in Dodging
  3948 | D:4      | Shot with a bolt by an orc warrior
  3954 | D:4      | Found a white marble altar of Elyvilon.
  3954 | D:4      | Found an ornate altar of the Wu Jian Council.
  4107 | D:$      | Got out of the dungeon alive.

Illustrated notes

Levels and vault maps discovered:
D:1:      grunt_arrival_lava_bath, layout_basic, chequers_garden,
          hangedman_glass_teeth, interstate_on_off
D:2:      layout_basic, st_stairs_14
D:3:      layout_basic, mainiacjoe_overflow_six_doors_small,
          lightli_temple_of_fire, bloody_trog, serial_shops,
          nicolae_shop_advertising_works [nicolae_subvault_shop_adworks],
          shapermc_ecumenical_altar_pompeii, eino_tiny_chamber, st_stairs_12,
          uniq_grinder
D:4:      minmay_angry_zag, layout_loops_ring, nicolae_overflow_squiral,
          minmay_temple_entry_mist, uniq_sigmund, uniq_menkaure
Temple:   compressed_dpeg_triangle_lava_temple

Skill      XL: |  1  2  3  4  5  6  7 |
---------------+----------------------+-----
Dodging        | 3 4 6 7 8 |  8.1
Fighting       | 2 3 4 |  4.0
Unarmed Combat | 4 |  4.0
Shapeshifting  | 5 |  5.3

Action                     |  1- 3 |  4- 6 |  7- 9 || total
---------------------------+-------+-------+-------++-------
  Melee: Unarmed           |    88 |   126 |    36 ||   250
         Bite              |     8 |    13 |     3 ||    24
         Punch             |     4 |     4 |       ||     8
    Use: Scroll            |       |     2 |       ||     2
         Potion            |       |     1 |       ||     1
   Stab: Sleeping          |     4 |     2 |     1 ||     7
 Armour: Skin              |    20 |    32 |    15 ||    67
  Dodge: Dodged            |    61 |    84 |    27 ||   172

Table legend: (Time is in decaauts)
 A = Elapsed time spent in this place.
 B = Non-inter-level travel time spent in this place.
 C = Inter-level travel time spent in this place.
 D = Time resting spent in this place.
 E = Time spent auto-exploring this place.
 F = Levels seen in this place.
 G = Mean time per level.
                   A        B        C        D        E       F      G
               +--------+--------+--------+--------+--------+-----+--------+
         Total |   3492 |   3088 |    404 |    566 |   1552 |   5 |  698.4 |
       Dungeon |   3457 |   3077 |    380 |    566 |   1552 |   4 |  864.2 |
        Temple |     35 |     11 |     24 |      0 |      0 |   1 |   35.0 |
               +--------+--------+--------+--------+--------+-----+--------+

Top non-repeatable levels by time:
     D:2: 1025 daAuts
     D:3: 901 daAuts
     D:1: 853 daAuts
     D:4: 676 daAuts
  Temple: 35 daAuts
